 Dungeon Crawl Stone Soup version 0.30.1-9-gdf580d7c3d (webtiles) character file.

Game seed: 3178890041043638021

142452 boopmooplesden the Bludgeoner (level 16, -5/153 HPs)
             Began as a Minotaur Fighter on Oct 16, 2023.
             Was a High Priest of Okawaru.
             Slain by a demonic crawler (15 damage)
             ... on level 4 of the Spider Nest.
             The game lasted 00:53:42 (27538 turns).

boopmooplesden the Bludgeoner (Minotaur Fighter)   Turns: 27538, Time: 00:53:42

Health: -5/153     AC: 24    Str: 42    XL:     16   Next: 80%
Magic:  0/17       EV: 20    Int:  7    God:    Okawaru [*****.]
Gold:   2720       SH: 19    Dex: 19    Spells: 15/15 levels left

rFire   + . .        W - +2 eveningstar of the Hummingbird {heavy, Contam rPois Str+8 Int-2}
rCold   + + .        u - +0 kite shield
rNeg    . . .        w - +4 plate armour
rPois   +            M - +2 hat {SInv}
rElec   .            C - +1 cloak {rPois}
rCorr   .            R - +1 pair of gloves of Twilight {rC+ Int+4}
SInv    +            S - -2 pair of boots "Mucveum" {Rampage Str+2 Dex+2}
Will    +....        v - amulet of the Modern Knaves {Spirit rF+ Str+4 Stlth-} Stlth
                     h - +6 ring of dexterity
HPRegen 0.45/turn    G - ring of the Octopus King {rC+ HP+2 AC+2 EV+2 SH+2}
MPRegen 0.15/turn

%: clarity, guardian spirit, rampage
@: heroic, corroded, unable to read
A: horns 2, retaliatory headbutt, clarity, inability to read after injury 1
a: Renounce Religion, Heroism, Finesse, Duel


You were on level 4 of the Spider Nest.
You worshipped Okawaru.
Okawaru was extremely pleased with you.
You visited 5 branches of the dungeon, and saw 27 of its levels.
You also visited: Ossuary, Bailey and Gauntlet.

You collected 2847 gold pieces.
You spent 127 gold pieces at shops.

Inventory:

Hand Weapons
 a - the +1 battleaxe of Yxouvoes {protect, Fly rC+ rN+ Dex-5}
   (Okawaru gifted it to you on level 12 of the Dungeon)

   Dex:       It affects your dexterity (-5).
   rC:        It protects you from cold.
   rN:        It protects you from negative energy.
   Fly:       It grants you flight.
 E - a +6 demon whip of venom
 W - the +2 eveningstar of the Hummingbird (weapon) {heavy, Contam rPois Str+8 Int-2}
   (You found it on level 11 of the Dungeon)

   Str:       It affects your strength (+8).
   Int:       It affects your intelligence (-2).
   rPois:     It protects you from poison.
   Contam:    It causes magical contamination when unequipped.
Missiles
 e - 14 javelins (quivered)
 i - 2 silver javelins
 r - 3 throwing nets
Armour
 t - a +0 pair of gloves
 u - a +0 kite shield (worn)
 w - a +4 plate armour (worn)
 C - a +1 cloak of poison resistance (worn)
 H - a scarf of invisibility
 M - a +2 hat of see invisible (worn)
 N - the +0 scale mail "Zaaxez" {Fly rCorr Str+5 SInv}
   (Okawaru gifted it to you on level 9 of the Dungeon)

   Str:       It affects your strength (+5).
   SInv:      It lets you see invisible.
   Fly:       It grants you flight.
   rCorr:     It protects you from acid and corrosion.
 P - the +1 cloak "Ijis" {Contam rN+++ Str+3}
   (You found it in a Gauntlet)

   Str:       It affects your strength (+3).
   rN:        It renders you almost immune to negative energy.
   Contam:    It causes magical contamination when unequipped.
 R - the +1 pair of gloves of Twilight (worn) {rC+ Int+4}
   (Okawaru gifted it to you on level 2 of the Orcish Mines)

   Int:       It affects your intelligence (+4).
   rC:        It protects you from cold.
 S - the -2 pair of boots "Mucveum" (worn) {Rampage Str+2 Dex+2}
   (Okawaru gifted it to you on level 15 of the Dungeon)

   Str:       It affects your strength (+2).
   Dex:       It affects your dexterity (+2).
   Rampage:   It bestows one free step when moving towards enemies.
 U - a +2 hat of willpower
 V - the +0 hat "Roshroxt" {Int+3}
   (Okawaru gifted it to you in a Gauntlet)

   Int:       It affects your intelligence (+3).
 X - a scarf of repulsion
 Z - a +0 pair of boots
Jewellery
 b - a ring of poison resistance
 h - a +6 ring of dexterity (left hand)
 s - an amulet of regeneration
 v - the amulet of the Modern Knaves (around neck) {Spirit rF+ Str+4 Stlth-}
   (You acquired it on level 14 of the Dungeon)

   [amulet of guardian spirit]

   It causes incoming damage to be divided between your reserves of health and
   magic.
   Str:       It affects your strength (+4).
   rF:        It protects you from fire.
   Stlth:     It makes you less stealthy.
 G - a ring of the Octopus King (right hand) {rC+ HP+2 AC+2 EV+2 SH+2}
   (You found it on level 8 of the Dungeon)

   [ring of protection from cold]

   AC:        It affects your AC (+2).
   EV:        It affects your evasion (+2).
   rC:        It protects you from cold.
   HP:        It affects your health (+2).
   SH:        It affects your SH (+2).
 I - a ring of resist corrosion
 J - a ring of flight
Wands
 c - a wand of mindburst (20)
 d - a wand of iceblast (9)
 l - a wand of paralysis (22)
 p - a wand of digging (13)
 y - a wand of polymorph (23)
 L - a wand of flame (53)
 Y - a wand of acid (15)
Scrolls
 f - a scroll of blinking
 g - 12 scrolls of teleportation
 n - 4 scrolls of magic mapping
 A - 11 scrolls of identify
 B - 2 scrolls of poison
 K - 2 scrolls of fear
Potions
 j - 7 potions of flight
 m - 7 potions of resistance
 o - 6 potions of berserk rage
 q - 2 potions of brilliance
 x - 9 potions of curing
 z - 6 potions of cancellation
 D - a potion of ambrosia
 F - 2 potions of haste
 O - 2 potions of magic
 Q - a potion of might
Miscellaneous
 T - a piece from Xom's chessboard (15/15)


   Skills:
 + Level 16.1(21.1) Fighting
 + Level 11.8(21.5) Axes
 + Level 18.4(24.6) Maces & Flails
 + Level 0.8(5.8) Throwing
 + Level 14.2(19.2) Armour
 + Level 9.8(14.8) Dodging
 + Level 3.6(8.6) Stealth
 + Level 17.4(22.4) Shields
 + Level 3.7 Invocations


You had 15 spell levels left.
You didn't know any spells.
Your spell library contained the following spells:

 Spells                   Type           Power      Damage    Failure   Level
 Apportation              Tloc           0%         N/A       83%         1
 Foxfire                  Conj/Fire      0%         2x1d4     83%         1
 Magic Dart               Conj           0%         1d3       83%         1
 Sandblast                Erth           0%         2d4       83%         1
 Ensorcelled Hibernation  Hex/Ice        0%         N/A       92%         2
 Passwall                 Tmut/Erth      0%         N/A       92%         2
 Poisonous Vapours        Pois/Air       0%         N/A       92%         2
 Frozen Ramparts          Ice            0%         1d1       99%         3
 Inner Flame              Hex/Fire       0%         N/A       99%         3
 Mephitic Cloud           Conj/Pois/Air  0%         N/A       99%         3
 Ozocubu's Armour         Ice            0%         N/A       99%         3
 Portal Projectile        Hex/Tloc       0%         N/A       99%         3
 Spider Form              Tmut/Pois      0%         N/A       99%         3
 Stone Arrow              Conj/Erth      0%         3d7       99%         3
 Anguish                  Hex/Necr       0%         N/A       100%        4
 Cause Fear               Hex            0%         N/A       100%        4
 Flame Wave               Conj/Fire      0%         2d4       100%        4
 Leda's Liquefaction      Hex/Erth       0%         N/A       100%        4
 Manifold Assault         Tloc           0%         N/A       100%        4
 Petrify                  Tmut/Erth      0%         N/A       100%        4
 Sticky Flame             Conj/Fire      0%         2d3       100%        4
 Alistair's Intoxication  Tmut/Pois      0%         N/A       100%        5
 Blade Hands              Tmut           0%         N/A       100%        5
 Fireball                 Conj/Fire      0%         3d3       100%        5
 Freezing Cloud           Conj/Ice/Air   0%         6-21      100%        5
 Lee's Rapid Deconstruct  Erth           0%         3d4*      100%        5
 Metabolic Englaciation   Hex/Ice        0%         N/A       100%        5
 Dispersal                Tloc           0%         N/A       100%        6
 Iron Shot                Conj/Erth      0%         9d1       100%        6
 Plasma Beam              Fire/Air       0%         2x1d11    100%        6
 Starburst                Conj/Fire      0%         6d3       100%        6
 Statue Form              Tmut/Erth      0%         N/A       100%        6
 Dragon Form              Tmut           0%         N/A       100%        7
 Ozocubu's Refrigeration  Ice            0%         4d7       100%        7
 Disjunction              Tloc           0%         N/A       100%        8
 Lehudib's Crystal Spear  Conj/Erth      0%         10d2      100%        8
 Call Imp                 Summ           Unusable   N/A       N/A         2
 Tukima's Dance           Hex            Unusable   N/A       N/A         3
 Animate Armour           Summ/Erth      Unusable   N/A       N/A         4
 Summon Ice Beast         Ice/Summ       Unusable   N/A       N/A         4
 Dragon's Call            Summ           Unusable   N/A       N/A         9

Dungeon Overview and Level Annotations

Branches:
Dungeon (15/15)            Temple (1/1) D:5            Lair (5/5) D:11
  Swamp (0/4) Lair:3       Spider (4/4) Lair:2        Slime (0/5) Lair:5
    Orc (2/2) D:11            Elf (0/3) Orc:2        Vaults (0/5) D:13
 Depths (0/4) D:15        Ossuary (visited)          Bailey (visited)
Gauntlet (visited)

Altars:
Cheibriados
Fedhas
Gozag
Makhleb
Nemelex Xobeh
Okawaru
Ru
Sif Muna
Uskayaw
Vehumet
Xom
Yredelemnul
Zin
The Shining One
Jiyva
Lugonu

Shops:
D:4 *   D:5 :   D:7 [   D:9 (   D:13 :   Orc:2 =(*[

Portals:
Abyss: Lair:5

Annotations:
D:13 exclusion: oklob plant


Innate Abilities, Weirdness & Mutations

You have a pair of horns on your head.
You reflexively headbutt those who attack you in melee.
You possess an exceptional clarity of mind.
You occasionally lose the ability to read scrolls when taking damage.


Message History

The emperor scorpion claws you. The emperor scorpion barely misses you.
The demonic crawler completely misses you.
You furiously retaliate!
You headbutt the demonic crawler, but do no damage.
You block the demonic crawler's attack. The demonic crawler barely misses you.
The moth of wrath is engulfed in poison gas.
The moth of wrath is poisoned.
The moth of wrath goads the boulder beetle on!
The boulder beetle goes berserk!
The moth of wrath goads the demonic crawler on!
The demonic crawler goes berserk!
The boulder beetle bites you!
You impale the boulder beetle!!
The boulder beetle is moderately wounded.
The emperor scorpion stings you!!
You feel threatened and lose the ability to read scrolls!
* * * LOW HITPOINT WARNING * * *
You block the emperor scorpion's attack.
The emperor scorpion closely misses you.
The demonic crawler closely misses you. You furiously retaliate!
You headbutt the demonic crawler, but do no damage.
The demonic crawler hits you!
* * * LOW HITPOINT WARNING * * *
You block the demonic crawler's attack. The boulder beetle closely misses you.
The emperor scorpion completely misses you.
You block the emperor scorpion's attack.
The emperor scorpion misses you.
The moth of wrath looks even sicker.
You block the demonic crawler's attack. The demonic crawler closely misses you.
The demonic crawler misses you.
The boulder beetle completely misses you.
You furiously retaliate!
You headbutt the boulder beetle, but do no damage.
You bludgeon the boulder beetle!!
You headbutt the boulder beetle, but do no damage.
The boulder beetle is heavily wounded.
The emperor scorpion stings you but does no damage.
You block the emperor scorpion's attack.
The emperor scorpion claws you.
* * * LOW HITPOINT WARNING * * *
The demonic crawler hits you!
You die...

#...#..#)####
#...§§..# #.###§###
..##. ###.§#§§##
..§§ ##†§§§§## .§##
#^^#§§§# #.§§# [
#.###§§###§§§§#..
..###§§§§By§§§§§..
.^#.^.^#§@sys§§§§..
###....##§§sB§§§§§..
##..# #§§##§§§§##.
#.. #§§## .§§## ##
#§§## ..§# .§§# ...#
#§§§ ..## ##§# .## #
.#


You could see an emperor scorpion (berserk), a sun moth, 2 boulder beetles, 2
demonic crawlers and a moth of wrath (very poisoned).

Vanquished Creatures
  Gastronok (Lair:1)
  Kirke (Lair:3)
  Frances (D:13)
  The ghost of STONEBOULDER the Severer, a journeyman MiBe of Trog (Orc:2)
  2 emperor scorpions (Spider:4)
  3 orc warlords
  A stone giant (D:11)
  A minotaur (Gauntlet)
  A spark wasp (Spider:4)
  7 slime creatures (D:12)
  2 crystal guardians (D:14)
  2 entropy weavers (Spider:4)
  Harold (Lair:1)
  3 hydras
  A ghost crab (Lair:3)
  An ogre mage (D:13)
  A centaur warrior (D:14)
  A catoblepas (D:15)
  8 boulder beetles
  A death knight (D:10)
  7 two-headed ogres
  2 death scarabs (Gauntlet)
  3 thrashing horrors (Lair:5)
  5 orc high priests
  A skyshark (Lair:3)
  A fire crab (Gauntlet)
  2 spectral death yaks
  Nergalle (Lair:1)
  A spectral catoblepas (Lair:3)
  Amaemon (D:8)
  3 pharaoh ants (Spider:4)
  13 skeletal warriors
  A spectral hydra (Lair:3)
  An orange crystal statue (D:14)
  2 orb spiders
  A necromancer (D:15)
  A wizard (D:15)
  A phantasmal warrior (D:15)
  2 large abominations (Lair:5)
  5 orc knights
  6 steelbarb worms
  6 deep elf pyromancers
  2 sphinx skeletons (D:15)
  7 cyclopes
  7 orc sorcerers (Orc:2)
  17 ugly things
  3 wolf spiders
  4 centaur zombies (D:8)
  A manticore (D:14)
  6 black mambas
  17 elephants
  3 smoke demons (Lair:5)
  4 demonic crawlers
  Psyche (D:9)
  An orange demon (D:8)
  A stone giant skeleton (D:15)
  11 cane toads
  4 molten gargoyles (D:15)
  A torpor snail (Spider:4)
  2 gargoyles
  Maggie (Lair:2)
  A tengu conjurer (D:15)
  4 rime drakes
  2 centaur skeletons (D:8)
  A kobold demonologist (D:10)
  9 komodo dragons
  2 efreet (D:15)
  An ancient zyme (Lair:5)
  3 trolls
  3 meliai (Spider:4)
  2 hellwings (D:8)
  A tarantella (Spider:4)
  A spectral elephant (Lair:3)
  13 blink frogs (Lair:5)
  8 jumping spiders (Spider:2)
  6 dream sheep (Lair:5)
  Sigmund (D:2)
  A spectral black mamba (Gauntlet)
  2 ynoxinuls (Lair:5)
  7 flying skulls (Gauntlet)
  4 vampires
  3 shadows
  A culicivora (Spider:4)
  A wyvern (Lair:4)
  2 spriggans (Lair:5)
  4 wraiths
  A hog (Lair:3)
  48 yaks
  A fire elemental (D:15)
  4 fire bats (Gauntlet)
  A spectral komodo dragon (Gauntlet)
  4 humans (Lair:3)
  11 basilisks
  A chaos spawn (Lair:5)
  A steam dragon (D:10)
  3 vampire mosquitoes
  6 redbacks
  Grum (Lair:1)
  A glowing shapeshifter zombie (D:15)
  3 wargs
  13 small abominations (Lair:5)
  2 two-headed ogre zombies (D:11)
  15 water moccasins
  A swamp drake (D:9)
  41 orc warriors
  3 black bears
  7 ogres
  3 boggarts (D:14)
  8 centaurs
  23 wolves
  2 phantoms
  4 kobold brigands
  7 bullfrogs
  An elf zombie (Ossuary)
  A gnoll sergeant (D:10)
  3 scorpions (D:5)
  5 wights (D:10)
  2 troll zombies (D:11)
  7 killer bees
  A howler monkey (D:4)
  5 electric eels
  A lava snake (D:10)
  A crimson imp (D:9)
  4 hounds
  A gnoll bouda (D:5)
  A human zombie (Ossuary)
  28 orc priests
  3 jellies
  An iron imp (D:9)
  A sleepcap (D:4)
  A boggart zombie (D:8)
  4 iguanas
  38 orc wizards
  4 ogre zombies (D:11)
  3 hound zombies (Ossuary)
  4 mummies (Ossuary)
  7 adders
  11 gnolls
  7 shadow imps
  3 white imps
  An ufetubus (D:5)
  3 worms
  3 dart slugs
  88 orcs
  11 ball pythons
  7 bats
  3 endoplasms
  3 giant cockroaches
  A gnoll zombie (Ossuary)
  7 goblins
  5 hobgoblins
  3 jackals (D:2)
  4 quokkas
  11 frilled lizards
  2 goblin skeletons (D:11)
  2 goblin zombies
  3 hobgoblin skeletons (D:11)
  A hobgoblin zombie (D:11)
  32 kobolds
  2 kobold zombies (Ossuary)
  2 orc skeletons (D:11)
  19 orc zombies
  5 rats
863 creatures vanquished.

Notes
Turn   | Place    | Note
-------+----------+-------------------------------------------
     0 | D:1      | boopmooplesden the Minotaur Fighter began the quest for the
                  | Orb.
     0 | D:1      | Reached XP level 1. HP: 19/19 MP: 0/0
   263 | D:1      | Reached XP level 2. HP: 27/27 MP: 1/1
   792 | D:2      | Reached XP level 3. HP: 28/33 MP: 2/2
  1334 | D:2      | Reached XP level 4. HP: 40/40 MP: 3/3
  1439 | D:2      | Noticed Sigmund
  1457 | D:2      | HP: 2/40 [something (2)]
  1460 | D:2      | Killed Sigmund
  1461 | D:2      | Reached skill level 5 in Axes
  1461 | D:2      | Reached XP level 5. HP: 4/47 MP: 4/4
  2068 | D:3      | Reached XP level 6. HP: 47/53 MP: 5/5
  2923 | D:4      | Reached skill level 5 in Armour
  3033 | D:4      | Found Vehod's Gadget Gallery.
  3045 | D:4      | Reached skill level 5 in Fighting
  3237 | D:5      | Entered Level 5 of the Dungeon
  3282 | D:5      | Found a staircase to the Ecumenical Temple.
  3294 | D:5      | Reached XP level 7. HP: 59/61 MP: 6/6
  3295 | Temple   | Entered the Ecumenical Temple
  3295 | Temple   | Noticed a hellwing
  3295 | Temple   | Noticed an ice devil
  3296 | Temple   | Noticed Bobets the pandemonium lord
  3296 | Temple   | Noticed Ishurac the pandemonium lord
  3299 | Temple   | Noticed a ynoxinul
  3303 | Temple   | Noticed Iwanukk the pandemonium lord
  3303 | Temple   | Noticed Ybribum the pandemonium lord
  3303 | Temple   | Noticed a neqoxec
  3304 | Temple   | Noticed a Tzitzimitl
  3372 | Temple   | Became a worshipper of Warmaster Okawaru
  3443 | D:5      | Found a basalt altar of Yredelemnul.
  3494 | D:5      | Reached skill level 1 in Dodging
  3776 | D:5      | Reached * piety under Okawaru
  3785 | D:5      | Reached XP level 8. HP: 49/70 MP: 7/7
  3915 | D:5      | Found Futute's Book Shoppe.
  4310 | D:6      | Found a sand-covered staircase.
  4362 | Ossuary  | Entered an ossuary
  4370 | Ossuary  | Reached ** piety under Okawaru
  4689 | Ossuary  | Gained mutation: You sometimes lose your temper in combat.
                  | [potion of mutation]
  4689 | Ossuary  | Gained mutation: You are weak. (Str -2) [potion of
                  | mutation]
  4689 | Ossuary  | Gained mutation: Your flesh is heat resistant. (rF+)
                  | [potion of mutation]
  4690 | Ossuary  | Lost mutation: You sometimes lose your temper in combat.
                  | [potion of mutation]
  4690 | Ossuary  | Lost mutation: You are weak. (Str -2) [potion of mutation]
  4690 | Ossuary  | Lost mutation: Your flesh is heat resistant. (rF+) [potion
                  | of mutation]
  4690 | Ossuary  | Gained mutation: You occasionally lose the ability to read
                  | scrolls when taking damage. [potion of mutation]
  4690 | Ossuary  | Gained mutation: You possess an exceptional clarity of
                  | mind. [potion of mutation]
  5141 | D:6      | Found a sparkling altar of Nemelex Xobeh.
  5759 | D:7      | Found Poankuts's Armour Shop.
  5766 | D:7      | Bought a +0 cloak of poison resistance for 127 gold pieces
  5928 | D:7      | Reached XP level 9. HP: 78/79 MP: 8/8
  5973 | D:7      | Reached skill level 10 in Axes
  6298 | D:7      | Reached skill level 5 in Shields
  6298 | D:7      | Reached *** piety under Okawaru
  6506 | D:8      | Reached skill level 1 in Stealth
  6515 | D:8      | Noticed Amaemon
  6520 | D:8      | Noticed an orange demon
  6523 | D:8      | Killed Amaemon
  6523 | D:8      | Reached **** piety under Okawaru
  6529 | D:8      | Killed an orange demon
  6530 | D:8      | Reached XP level 10. HP: 51/88 MP: 7/9
  6668 | D:8      | Reached skill level 1 in Maces & Flails
  6675 | D:8      | Reached skill level 2 in Maces & Flails
  6807 | D:8      | Reached ***** piety under Okawaru
  6808 | D:8      | Reached skill level 3 in Maces & Flails
  6823 | D:8      | Reached skill level 4 in Maces & Flails
  6834 | D:8      | Reached skill level 5 in Maces & Flails
  6852 | D:8      | Reached skill level 6 in Maces & Flails
  7336 | D:8      | Found a glowing golden altar of the Shining One.
  7361 | D:8      | Found a radiant altar of Vehumet.
  7512 | D:8      | Found the ring of the Octopus King
  7520 | D:8      | Identified a ring of the Octopus King {rC+ HP+2 AC+2 EV+2
                  | SH+2}
  7609 | D:9      | Reached skill level 5 in Dodging
  7789 | D:9      | Received a gift from Okawaru
  7809 | D:9      | Reached skill level 7 in Maces & Flails
  7910 | D:9      | Noticed Psyche
  7916 | D:9      | Killed Psyche
  7917 | D:9      | Reached skill level 10 in Armour
  7917 | D:9      | Reached XP level 11. HP: 91/97 MP: 10/10
  7940 | D:9      | Found Ibel's Antique Weapon Emporium.
  7994 | D:9      | Found a transporter.
  7998 | D:9      | Noticed a two-headed ogre
  7999 | D:9      | Found a transporter.
  8008 | D:9      | Found a blossoming altar of Fedhas.
  8008 | D:9      | Found an opulent altar of Gozag.
  8175 | D:9      | Noticed a deep elf pyromancer
  8179 | D:9      | Killed a deep elf pyromancer
  8193 | D:9      | Noticed a deep elf pyromancer
  8200 | D:9      | Killed a deep elf pyromancer
  8219 | D:9      | Identified the +0 scale mail "Zaaxez" {Fly rCorr Str+5
                  | SInv} (Okawaru gifted it to you on level 9 of the Dungeon)
  8219 | D:9      | Received a gift from Okawaru
  8420 | D:10     | Entered Level 10 of the Dungeon
  8432 | D:10     | Reached skill level 8 in Maces & Flails
  8440 | D:10     | Reached ****** piety under Okawaru
  8462 | D:10     | Noticed a green ugly thing
  8479 | D:10     | Killed a green ugly thing
  8525 | D:10     | Reached skill level 9 in Maces & Flails
  8544 | D:10     | Reached skill level 10 in Fighting
  8587 | D:10     | Identified the +5 ring mail of Cotaxuhy {Fly rC+}
  8618 | D:10     | Noticed a death knight
  8652 | D:10     | Killed a death knight
  8733 | D:10     | Noticed a two-headed ogre
  8744 | D:10     | Killed a two-headed ogre
  8745 | D:10     | Reached skill level 10 in Maces & Flails
  8749 | D:10     | Found a flagged portal.
  8772 | Bailey   | Entered a bailey
  8791 | Bailey   | Noticed an orc warlord
  8995 | Bailey   | Found a runed translucent gate.
  8995 | Bailey   | Found a runed translucent gate.
  8995 | Bailey   | Found a runed translucent gate.
  9124 | Bailey   | Killed an orc warlord
  9157 | Bailey   | Reached skill level 11 in Maces & Flails
  9157 | Bailey   | Reached XP level 12. HP: 47/108 MP: 10/13
  9453 | D:10     | Found a sacrificial altar of Ru.
  9815 | D:11     | Found a staircase to the Orcish Mines.
 10111 | D:11     | Noticed a two-headed ogre
 10112 | D:11     | Noticed a two-headed ogre
 10113 | D:11     | Noticed a stone giant
 10113 | D:11     | Noticed a boulder beetle
 10135 | D:11     | Killed a two-headed ogre
 10138 | D:11     | Killed a two-headed ogre
 10138 | D:11     | Identified the +1 scale mail of Juguluen {Stlth+} (Okawaru
                  | gifted it to you on level 11 of the Dungeon)
 10138 | D:11     | Received a gift from Okawaru
 10146 | D:11     | Reached XP level 13. HP: 62/116 MP: 12/14
 10161 | D:11     | HP: 1/118 [stone giant (32)]
 10167 | D:11     | Killed a stone giant
 10168 | D:11     | Reached skill level 12 in Maces & Flails
 10688 | D:11     | Got the +2 eveningstar of the Hummingbird {heavy, Contam
                  | rPois Str+8 Int-2}
 10834 | D:11     | Found a staircase to the Lair.
 11518 | D:12     | Reached skill level 13 in Maces & Flails
 11856 | D:12     | Reached skill level 10 in Shields
 12016 | D:12     | Identified the +1 battleaxe of Yxouvoes {protect, Fly rC+
                  | rN+ Dex-5} (Okawaru gifted it to you on level 12 of the
                  | Dungeon)
 12016 | D:12     | Received a gift from Okawaru
 12429 | D:13     | Found Ymin Zonk's Book Shoppe.
 12610 | D:13     | Noticed Frances
 12623 | D:13     | Killed Frances
 12688 | D:13     | Reached skill level 14 in Maces & Flails
 12778 | D:13     | Found a gate to the Vaults.
 12966 | D:13     | Found a blossoming altar of Fedhas.
 13199 | D:14     | Identified the +1 hand axe "Zuz Epp" {pain, *Slow rPois
                  | Dex+3} (Okawaru gifted it to you on level 14 of the
                  | Dungeon)
 13199 | D:14     | Received a gift from Okawaru
 13338 | D:14     | Reached XP level 14. HP: 115/127 MP: 15/15
 13344 | D:14     | Reached skill level 15 in Maces & Flails
 13947 | D:14     | Found a runed translucent door.
 14891 | D:14     | Identified a scroll of acquirement
 14891 | D:14     | Acquired the amulet of the Modern Knaves {Spirit rF+ Str+4
                  | Stlth-}
 15392 | D:15     | Entered Level 15 of the Dungeon
 15408 | D:15     | Identified the -2 pair of boots "Mucveum" {Rampage Str+2
                  | Dex+2} (Okawaru gifted it to you on level 15 of the
                  | Dungeon)
 15408 | D:15     | Received a gift from Okawaru
 15744 | D:15     | Reached skill level 16 in Maces & Flails
 15839 | D:15     | Found a staircase to the Depths.
 17157 | Lair:1   | Entered Level 1 of the Lair of Beasts
 17257 | Lair:1   | Noticed Grum
 17263 | Lair:1   | Killed Grum
 17378 | Lair:1   | Noticed Nergalle
 17384 | Lair:1   | Killed Nergalle
 17404 | Lair:1   | Noticed Gastronok
 17413 | Lair:1   | Killed Gastronok
 17665 | Lair:1   | Noticed Harold
 17670 | Lair:1   | Killed Harold
 18629 | Lair:2   | You are sucked into a shaft and drop 2 floors!
 18745 | Lair:4   | Reached XP level 15. HP: 131/137 MP: 16/16
 18899 | Lair:4   | Found a gate leading to a gauntlet.
 18913 | Gauntlet | Entered a Gauntlet
 18913 | Gauntlet | Found a transporter.
 18913 | Gauntlet | Found a transporter.
 18917 | Gauntlet | Found a transporter.
 18929 | Gauntlet | Found a transporter.
 18931 | Gauntlet | Found a transporter.
 18933 | Gauntlet | Identified the +0 hat "Roshroxt" {Int+3} (Okawaru gifted it
                  | to you in a Gauntlet)
 18933 | Gauntlet | Received a gift from Okawaru
 19066 | Gauntlet | Found a transporter.
 19104 | Gauntlet | Found a transporter.
 19128 | Gauntlet | Identified the +1 cloak "Ijis" {Contam rN+++ Str+3}
 19140 | Gauntlet | Found a transporter.
 19142 | Gauntlet | Found a transporter.
 19150 | Gauntlet | Found a transporter.
 19169 | Gauntlet | Found a transporter.
 19323 | Gauntlet | Got the Compilation of the Wendigo
 19488 | Lair:4   | Reached skill level 17 in Maces & Flails
 20513 | Lair:5   | Entered Level 5 of the Lair of Beasts
 21173 | Lair:5   | Identified the +1 scale mail "Qapnur" {Int+4} (Okawaru
                  | gifted it to you on level 5 of the Lair of Beasts)
 21173 | Lair:5   | Received a gift from Okawaru
 21214 | Lair:5   | Found a corrupted altar of Lugonu.
 21214 | Lair:5   | Found a one-way gate to the infinite horrors of the Abyss.
 21439 | Lair:5   | Found a viscous altar of Jiyva.
 21439 | Lair:5   | Found a staircase to the Slime Pits.
 22208 | Lair:3   | Noticed Kirke
 22216 | Lair:3   | Killed Kirke
 22374 | Lair:3   | Reached skill level 15 in Fighting
 22558 | Lair:3   | Reached skill level 15 in Shields
 22836 | Lair:3   | Found a staircase to the Swamp.
 22841 | Lair:3   | Reached XP level 16. HP: 136/149 MP: 15/17
 23332 | Lair:2   | Found a hole to the Spider Nest.
 23460 | Lair:2   | Noticed Maggie
 23463 | Lair:2   | Killed Maggie
 23892 | Orc:1    | Entered Level 1 of the Orcish Mines
 24671 | Orc:2    | Entered Level 2 of the Orcish Mines
 24698 | Orc:2    | Noticed STONEBOULDER's ghost (journeyman MiBe)
 24800 | Orc:2    | Found a transporter.
 24803 | Orc:2    | Found a transporter.
 25250 | Orc:2    | Identified the +1 pair of gloves of Twilight {rC+ Int+4}
                  | (Okawaru gifted it to you on level 2 of the Orcish Mines)
 25250 | Orc:2    | Received a gift from Okawaru
 25253 | Orc:2    | Found a staircase to the Elven Halls.
 25337 | Orc:2    | Reached skill level 18 in Maces & Flails
 25617 | Orc:2    | Found Gamelauv's Antique Armour Shop.
 25618 | Orc:2    | Found Jiggaw's Antique Weapon Shop.
 25620 | Orc:2    | Found Ciduont's General Store.
 25620 | Orc:2    | Found Qaukocu's Jewellery Boutique.
 26129 | Orc:2    | Killed STONEBOULDER's ghost
 26581 | Spider:1 | Entered Level 1 of the Spider Nest
 27279 | Spider:4 | Entered Level 4 of the Spider Nest
 27305 | Spider:4 | Identified the +1 leather armour "Ruuf" {rElec}
 27538 | Spider:4 | Slain by a demonic crawler

Illustrated notes

Levels and vault maps discovered:
D:1:      dpeg_arrival_solitude, layout_loops_cross,
          chequers_serial_rivers_small_3, minmay_lizard_king
D:2:      layout_loops_corners, feat_on_display, uniq_sigmund
D:3:      layout_basic, minmay_shallow_snake_nest
D:4:      layout_rooms, nicolae_shop_gadgets
D:5:      minmay_skewed_foursquare, layout_loops_ring,
          yredelemnul_altar_generic, minmay_temple_entry_glass, serial_shops,
          shop, chequers_serial_rivers_small_b
D:6:      layout_basic, nemelex_dance_club_becter,
          nicolae_ossuary_entry_false_entrances
D:7:      layout_gridville, serial_shops, shop
D:8:      cheibrodos_grave_circle, layout_rooms, tso_oasis_becter,
          lemuel_tele_altar, uniq_amaemon
D:9:      layout_small_grid, gammafunk_temple_overflow_arena, serial_shops,
          shop, grunt_decor_fettered, grunt_ministairs_15,
          hangedman_minor_magic, uniq_psyche
D:10:     layout_cave_pools, nicolae_ru_great_annihilating_truth, serial_park,
          serial_park_square3 [serial_park_minivault_5x5_3], serial_park_square1
          [serial_park_minivault_5x5_2], serial_park_square1
          [serial_park_minivault_5x5_8], enter_bailey_6, nicolae_lava_and_water,
          lightli_fourway_metalbox
D:11:     minmay_roctagon, layout_irregular_city, lair_entry_dummy,
          zombieorc2_lemuel, serial_column_ruins, column_ruins_hut_ruined,
          column_ruins_grid_2, column_ruins_open_small, column_ruins_open_tiny,
          column_ruins_open_small
D:12:     layout_loops_corners, nicolae_figureground_pulse
D:13:     layout_loops_cross, david_vaults_2, serial_shops, shop, tgw_fedhas,
          uniq_frances
D:14:     layout_long_grid, hangedman_decor_growths, minmay_crystal_box
D:15:     gammafunk_depths_entry_grave, layout_irregular_city,
          solitary_fountain, corexii_mini_fake_secret_closet, minivault_8
Temple:   nicolae_temple_panitentiary
Lair:1:   layout_layer_cave, st_stairs_13, chequers_serial_rivers_micro_e,
          uniq_nergalle, uniq_grum, uniq_gastronok, uniq_harold
Lair:2:   layout_roguey, dummy_spider_entry, uniq_maggie
Lair:3:   layout_regular_city, nicolae_swamp_entry_spooky, uniq_kirke
Lair:4:   layout_cave_pods, gauntlet_entry_generic, wad_woods_river_01,
          lemuel_fruit_tree, infiniplex_staircase_pool
Lair:5:   hellmonk_lair_end_abyssal_woods, layout_gridlike,
          dpeg_slime_entry_enclosed
Spider:1: nicolae_spider_jumping_over_cracks [nicolae_spider_jumping_sub_lake,
          nicolae_spider_jumping_sub_offset, nicolae_spider_jumping_sub_rim,
          nicolae_spider_jumping_sub_shuffled]
Spider:2: nicolae_spider_hilbert_zone_6 [nicolae_spider_hilbert_4_sides_1_open,
          nicolae_spider_hilbert_4_sides_1_open,
          nicolae_spider_hilbert_4_sides_1_open,
          nicolae_spider_hilbert_4_sides_1_open,
          nicolae_spider_hilbert_4_sides_1_open,
          nicolae_spider_hilbert_4_sides_1_open,
          nicolae_spider_hilbert_4_sides_1_open], uniq_arachne
Spider:3: lemuel_spider_zombies, nicolae_spider_solar_radiation, uniq_jorgrun,
          uniq_azrael
Spider:4: hellmonk_spider_rune_bug_friends
Orc:1:    layout_diamond_mine
Orc:2:    st_orc_congregation, layout_diamond_mine, gammafunk_ghost_arena,
          library_closet, nicolae_orc_lava_room

Skill      XL: |  1  2  3  4  5  6  7  8  9 10 11 12 13 14 15 16 |
---------------+-------------------------------------------------+-----
Shields        | 4 5 6 8 9 10 13 15 17 | 17.4
Armour         | 4 5 6 7 9 10 11 12 13 14 | 14.2
Fighting       | 4 5 7 8 9 10 11 12 13 15 16 | 16.1
Axes           | 3 4 5 6 7 9 11 | 11.8
Dodging        | 1 2 4 5 6 7 9 |  9.8
Stealth        | 1 3 |  3.6
Maces & Flails | 7 11 14 16 17 18 | 18.4
Invocations    | 3 |  3.7
Throwing       | |  0.8

Action                     |  1- 3 |  4- 6 |  7- 9 | 10-12 | 13-15 | 16-18 || total
---------------------------+-------+-------+-------+-------+-------+-------++-------
  Melee: War axe           |    93 |    95 |   142 |       |       |       ||   330
         Headbutt          |     7 |    12 |    24 |   114 |   148 |    81 ||   386
         Demon whip        |       |       |       |   462 |    45 |       ||   507
         Eveningstar       |       |       |       |       |   727 |   400 ||  1127
  Throw: Javelin           |       |     5 |       |       |       |       ||     5
 Invoke: Heroism           |       |       |     1 |     4 |     6 |    11 ||    22
    Use: Scroll            |     3 |     6 |     6 |     7 |    18 |     4 ||    44
         Potion            |       |     1 |     3 |     1 |     5 |     4 ||    14
   Stab: Paralysed         |       |       |       |     1 |       |       ||     1
 Armour: Scale mail        |    45 |    35 |    97 |   168 |   278 |    14 ||   637
         Plate armour      |       |       |       |       |       |   247 ||   247
  Dodge: Dodged            |    49 |    40 |   122 |   186 |   497 |   399 ||  1293
  Block: Buckler           |    13 |    19 |    50 |    53 |       |       ||   135
         Kite shield       |       |       |       |   156 |   743 |   639 ||  1538
